 Dungeon Crawl Stone Soup version 0.26-a0-846-gcc8f1ee719 (webtiles) character file.

Game seed: 14495738928808205801

56 snetch the Chopper (level 3, -5/33 HPs)
             Began as a Hill Orc Monk on Nov 19, 2020.
             Slain by a gnoll
             ... wielding a +0 spear
              (7 damage)
             ... on level 2 of the Dungeon.
             The game lasted 00:02:29 (817 turns).

snetch the Chopper (Hill Orc Monk)                   Turns: 817, Time: 00:02:29

Health: -5/33      AC:  9    Str: 14    XL:     3   Next: 97%
Magic:  3/3        EV: 11    Int: 10    God:
Gold:   21         SH:  0    Dex: 13    Spells: 2/2 levels left

rFire    . . .     SeeInvis .   a - +0 hand axe
rCold    . . .     Faith    .   (no shield)
rNeg     . . .     Spirit   .   g - +0 ring mail
rPois    .         Reflect  .   (helmet restricted)
rElec    .         Harm     .   (no cloak)
rCorr    .         Rampage  .   (no gloves)
MR       .....                  e - +1 pair of boots
Stlth    +.........             (no amulet)
HPRegen  0.11/turn              l - -4 ring of slaying (curse)
MPRegen  0.08/turn              (no ring)

@: no status effects
A: horns 1, molten scales 1, blink, subdued magic 1
a: Blink


You were on level 2 of the Dungeon.
You visited 1 branch of the dungeon, and saw 2 of its levels.

You collected 21 gold pieces.

Inventory:

Hand Weapons
 a - a +0 hand axe (weapon)
Missiles
 b - 56 arrows
 f - 23 stones (quivered)
 i - 28 sling bullets
Armour
 e - a +1 pair of boots (worn)
 g - a +0 ring mail (worn)
Jewellery
 l - a cursed -4 ring of slaying (left hand)
Scrolls
 c - a scroll of fear {unknown}
 h - 2 scrolls of blinking {unknown}
 j - a scroll of fog {unknown}
 m - a scroll of noise {unknown}
 n - a scroll of magic mapping {unknown}
 o - 3 scrolls of teleportation {unknown}
Potions
 p - a potion of degeneration {unknown}


   Skills:
 + Level 4.2 Fighting
 + Level 5.1 Axes
 + Level 0.5 Armour
 + Level 2.6 Dodging
 + Level 2.0 Stealth


You had 2 spell levels left.
You didn't know any spells.
Your spell library was empty.

Dungeon Overview and Level Annotations

Branches:
Dungeon (2/15)

Altars:


Innate Abilities, Weirdness & Mutations

You have a pair of small horns on your head.
You are partially covered in molten scales. (AC +2)
You can translocate small distances at will.
Your spells are a little easier to cast, but a little less powerful.


Message History

You hit the gnoll.
The gnoll is lightly wounded.
You barely miss the gnoll. The gnoll closely misses you.
The gnoll barely misses you.
You barely miss the gnoll.
The gnoll is lightly wounded.
You hit the gnoll but do no damage. The gnoll hits you with a +0 spear.
* * * LOW HITPOINT WARNING * * *
The gnoll hits you with a +0 flail.
* * * LOW HITPOINT WARNING * * *
It was a potion of mutation.
You feel extremely strange.
Your connection to magic feels subdued.
You feel jittery. A pair of horns grows on your head!
Molten scales grow over part of your body.
The gnoll hits you but does no damage.
You hit the gnoll.
The gnoll is heavily wounded.
You hit the gnoll but do no damage. The gnoll barely misses you.
The gnoll hits you with a +0 spear!
You die...

#.####........<.
#####.## ###........
#......# #........
#......# ####.....#
###......##.. ........
#...........###..#.#.#
##.......#####...#.#.#
##(g..........#.#....
#..@)...### # ..
####g#..... ...
#........ .#..
##....... .......
....... .......
....... .......


You could see 2 gnolls.

Vanquished Creatures
  A gnoll (D:2)
  An adder (D:2)
  2 leopard geckos
  A giant cockroach (D:2)
  6 goblins
  4 hobgoblins
  5 jackals
  4 kobolds
  2 bats (D:1)
  4 frilled lizards
  3 rats (D:1)
33 creatures vanquished.

Vanquished Creatures (others)
  4 plants (D:2)
4 creatures vanquished.

Grand Total: 37 creatures vanquished

Notes
Turn   | Place    | Note
-------+----------+-------------------------------------------
     0 | D:1      | snetch the Hill Orc Monk began the quest for the Orb.
     0 | D:1      | Reached XP level 1. HP: 19/19 MP: 1/1
   140 | D:2      | Reached XP level 2. HP: 26/27 MP: 2/2
   470 | D:2      | Reached XP level 3. HP: 33/33 MP: 3/3
   812 | D:2      | Reached skill level 5 in Axes
   815 | D:2      | HP: 1/33 [gnoll/+0 flail (4)]
   816 | D:2      | Gained mutation: Your spells are a little easier to cast,
                  | but a little less powerful. [potion of mutation]
   816 | D:2      | Gained mutation: You can translocate small distances at
                  | will. [potion of mutation]
   816 | D:2      | Gained mutation: You have a pair of small horns on your
                  | head. [potion of mutation]
   816 | D:2      | Gained mutation: You are partially covered in molten
                  | scales. (AC +2) [potion of mutation]
   817 | D:2      | Slain by a gnoll

Illustrated notes

Levels and vault maps discovered:
D:1:      ncdulo_wetmaze, layout_rooms, fountainhead, minmay_pentomino_t4
D:2:      cheibrodos_old_hovel, layout_rooms

Skill      XL: |  1  2  3 |
---------------+----------+-----
Fighting       | 4 |  4.2
Stealth        | 2 |  2.0
Axes           | 5 |  5.1
Armour         | |  0.5
Dodging        | |  2.6

Action                   || total
-------------------------++-------
Melee: Hand axe          ||   114
  Use: Potion            ||     2
 Stab: Sleeping          ||     1
Armor: Robe              ||     2
       Ring mail         ||    57
Dodge: Dodged            ||    92

Table legend: (Time is in decaauts)
 A = Elapsed time spent in this place.
 B = Non-inter-level travel time spent in this place.
 C = Inter-level travel time spent in this place.
 D = Time resting spent in this place.
 E = Time spent auto-exploring this place.
 F = Levels seen in this place.
 G = Mean time per level.
                   A        B        C        D        E       F      G
               +--------+--------+--------+--------+--------+-----+--------+
         Total |    837 |    828 |      9 |    143 |    330 |   2 |  418.5 |
       Dungeon |    837 |    828 |      9 |    143 |    330 |   2 |  418.5 |
               +--------+--------+--------+--------+--------+-----+--------+

Top non-repeatable levels by time:
     D:1: 640 daAuts
     D:2: 196 daAuts
